 Dungeon Crawl Stone Soup version 0.19-a0-291-ga637243 (webtiles) character file.

9375 ololoev the Cleaver (level 11, -2/99 HPs)
             Began as a Hill Orc Fighter on May 27, 2016.
             Was an Elder of the Shining One.
             Slain by namelastname112's ghost (20 damage)
             ... on level 12 of the Dungeon.
             The game lasted 00:18:22 (10377 turns).

ololoev the Cleaver (Hill Orc Fighter)             Turns: 10377, Time: 00:18:23

Health: -2/99      AC: 16    Str: 28    XL:     11   Next: 45%
Magic:  18/18      EV: 12    Int:  8    God:    the Shining One [****..]
Gold:   415        SH:  0    Dex: 17    Spells: 0 memorised, 10 levels left

rFire  + . .     SeeInvis .     a - +2 war axe (freeze)
rCold  . . .     Gourm    .     L - +0 plate armour
rNeg   + + .     Faith    .     (no shield)
rPois  .         Spirit   .     x - +1 hat
rElec  .         Dismiss  .     (no cloak)
rCorr  .         Reflect  .     E - +0 pair of gloves
SustAt .         Harm     .     (no boots)
MR     .....                    F - amulet of rage
Stlth  ..........               s - ring of protection from fire
                                I - ring of loudness (curse)

@: mighty, agile, exhausted, flying, slowed, glowing, very slow, not resistant
to hostile enchantments, extremely unstealthy
A: thin skeletal structure 1
a: Divine Shield, Cleansing Flame, Renounce Religion, Evoke Berserk Rage


Innate Abilities, Weirdness & Mutations

You have a somewhat thin skeletal structure. (Dex +2, Stealth)

Inventory:

Hand Weapons
 a - a +2 war axe of freezing (weapon)
 b - a +1 hand axe of flaming
 y - the +7 spear of Dim Light {pierce, +Inv rC+ MR+, unknown}
   (You took it off a kobold on level 9 of the Dungeon)

   It inflicts extra damage upon your enemies.
   It protects you from cold.
   It affects your resistance to hostile enchantments.
   It lets you turn invisible.
 G - a +0 battleaxe
Armour
 x - a +1 hat (worn)
 E - a +0 pair of gloves (worn)
 L - a +0 plate armour (worn)
Jewellery
 s - a ring of protection from fire (right hand)
 F - an amulet of rage (around neck)
 I - a cursed ring of loudness (left hand)
 O - a +1 ring of protection
Wands
 g - a wand of iceblast (9/15)
 D - a wand of lightning (7/15)
Scrolls
 c - 9 scrolls of identify {unknown}
 d - 2 scrolls of recharging {unknown}
 e - 8 scrolls of amnesia {unknown}
 j - 3 scrolls of immolation {unknown}
 k - 4 scrolls of noise {unknown}
 m - 6 scrolls of remove curse {unknown}
 p - a scroll of enchant weapon {unknown}
 v - 2 scrolls of teleportation {unknown}
 w - 2 scrolls of blinking {unknown}
 B - a scroll of random uselessness {unknown}
 C - 3 scrolls of holy word {unknown}
 H - a scroll of magic mapping {unknown}
 J - 3 scrolls of fog {unknown}
 R - a scroll of torment {unknown}
Potions
 h - a potion of ambrosia {unknown}
 i - 2 potions of heal wounds {unknown}
 l - 2 potions of flight
 n - 3 potions of mutation {unknown}
 o - 2 potions of might
 q - 3 potions of lignification {unknown}
 t - a potion of agility
 u - a potion of cure mutation {unknown}
 z - a potion of haste {unknown}
 K - 2 potions of curing {unknown}
 N - a potion of berserk rage {unknown}
Comestibles
 f - 5 bread rations
 r - 7 meat rations
 A - 2 slices of pizza
 M - 10 royal jellies
 P - a beef jerky
 Q - 4 fruits
 S - 3 chunks of flesh


   Skills:
 + Level 10.0 Fighting
 * Level 14.3 Axes
 + Level 9.1 Armour
   Level 3.2 Shields
 + Level 10.1 Invocations


You had 10 spell levels left.
You didn't know any spells.


You were on level 12 of the Dungeon.
You worshipped the Shining One.
The Shining One was greatly pleased with you.
You were very hungry.

You visited 1 branch of the dungeon, and saw 12 of its levels.

You collected 415 gold pieces.

#.......# ####....####.#
##+###### #....'....#
#....###### ###'## #...#
# ##.##### # ###+###
#......# #
#...#.########......#
#####.#.#.#...(W@.......#
'...#W#.#.#.######......#
###.'.#.#.'.# #......# #
###.....### #......# #
####### #......# #
#......# ########

Notes
Turn   | Place    | Note
--------------------------------------------------------------
     0 | D:1      | ololoev the Hill Orc Fighter began the quest for the Orb.
     0 | D:1      | Reached XP level 1. HP: 19/19 MP: 1/1
    43 | D:1      | Reached skill level 3 in Axes
   290 | D:1      | Reached XP level 2. HP: 26/26 MP: 2/2
   581 | D:3      | Reached skill level 4 in Axes
   589 | D:3      | Reached XP level 3. HP: 23/33 MP: 3/3
   623 | D:3      | Reached skill level 5 in Axes
   623 | D:3      | Reached XP level 4. HP: 22/40 MP: 4/4
   918 | D:3      | Found an oddly glowing altar of Pakellas.
  1018 | D:4      | Reached XP level 5. HP: 46/46 MP: 5/5
  1107 | D:4      | Found a glowing golden altar of the Shining One.
  1111 | D:4      | Became a worshipper of the Shining One
  2365 | D:2      | Found a hazy altar of Hepliaklqana.
  2496 | D:2      | Reached skill level 6 in Axes
  2496 | D:2      | Reached skill level 1 in Invocations
  2875 | D:3      | Reached XP level 6. HP: 52/53 MP: 7/7
  3154 | D:4      | Reached * piety under the Shining One
  3168 | D:4      | Found an ancient bone altar of Kikubaaqudgha.
  3306 | D:4      | Noticed Edmund
  3311 | D:4      | Killed Edmund
  3311 | D:4      | Reached skill level 5 in Fighting
  3311 | D:4      | Reached skill level 7 in Axes
  3311 | D:4      | Reached XP level 7. HP: 46/61 MP: 7/9
  3740 | D:5      | Entered Level 5 of the Dungeon
  3763 | D:5      | Reached skill level 5 in Armour
  3862 | D:5      | Reached skill level 8 in Axes
  4053 | D:5      | Reached ** piety under the Shining One
  4130 | D:5      | Noticed Eustachio
  4187 | D:5      | Killed Eustachio
  4187 | D:5      | Reached XP level 8. HP: 46/70 MP: 9/11
  4490 | D:5      | Reached skill level 9 in Axes
  4699 | D:6      | Found Jodiets's Gadget Emporium.
  4702 | D:6      | Found a shattered altar of Ashenzari.
  4843 | D:6      | Reached skill level 5 in Invocations
  5025 | D:6      | Found a radiant altar of Vehumet.
  5032 | D:6      | Found a shimmering altar of Xom.
  5036 | D:6      | Found a shadowy altar of Dithmenos.
  5036 | D:6      | Found a blossoming altar of Fedhas.
  5039 | D:6      | Reached skill level 10 in Axes
  5039 | D:6      | Reached XP level 9. HP: 76/78 MP: 11/13
  5323 | D:7      | Found a snail-covered altar of Cheibriados.
  5372 | D:7      | Reached *** piety under the Shining One
  5438 | D:7      | Found a staircase to the Ecumenical Temple.
  5680 | D:7      | Found a bloodstained altar of Trog.
  5853 | D:7      | Found a sacrificial altar of Ru.
  5903 | D:7      | Reached skill level 11 in Axes
  6798 | D:8      | Found a snail-covered altar of Cheibriados.
  6827 | D:8      | Found Funiluipic's Food Shoppe.
  7196 | D:8      | Found a white marble altar of Elyvilon.
  7233 | D:8      | Reached XP level 10. HP: 85/89 MP: 15/15
  7629 | D:8      | Reached skill level 12 in Axes
  8093 | D:9      | Got an encrusted spear {pierce}
  8151 | D:9      | Found a staircase to the Lair.
  8382 | D:9      | Noticed a gargoyle
  8384 | D:9      | Killed a gargoyle
  8550 | D:10     | Entered Level 10 of the Dungeon
  8574 | D:10     | Reached **** piety under the Shining One
  8827 | D:10     | Reached skill level 13 in Axes
  8889 | D:10     | Noticed a hill giant
  8898 | D:10     | Killed a hill giant
  9483 | D:11     | Reached XP level 11. HP: 92/97 MP: 16/18
  9604 | D:11     | Noticed a cyan ugly thing
  9614 | D:11     | Killed a cyan ugly thing
  9829 | D:11     | Noticed a hill giant
  9836 | D:11     | Killed a hill giant
  9836 | D:11     | Reached skill level 14 in Axes
  9956 | D:11     | Noticed a green ugly thing
  9963 | D:11     | Killed a green ugly thing
  9964 | D:11     | Reached skill level 10 in Invocations
  9966 | D:11     | Reached skill level 10 in Fighting
  9973 | D:11     | Gained mutation: You have a somewhat thin skeletal structure. (Dex +2, Stealth) [mutagenic meat]
 10089 | D:11     | Found a staircase to the Orcish Mines.
 10319 | D:12     | Noticed namelastname112's ghost (journeyman HaAs)
 10375 | D:12     | The Shining One protects you from harm!
 10377 | D:12     | Slain by namelastname112's ghost

Dungeon Overview and Level Annotations

Branches:
Dungeon (12/15)            Temple (0/1) D:7            Lair (0/8) D:9
    Orc (0/2) D:11

Altars:
Ashenzari
Cheibriados
Dithmenos
Elyvilon
Fedhas
Hepliaklqana
Kikubaaqudgha
Pakellas
Ru
Trog
Vehumet
Xom
The Shining One

Shops:
D:6 }   D:8 %

Annotations:
D:12 namelastname112's ghost, journeyman HaAs


Message History

Use which ability? (? or * to list)
You fail to use your ability.
Namelastname112's ghost misses you.
There is an open door here.
There is an open door here.
Use which ability? (? or * to list)
You fail to use your ability.
Namelastname112's ghost shrieks, "Do you think the gods will protect you?"
Namelastname112's ghost whispers, "Be very very quiet, I'm hunting Orcs."
There is an open door here.
You see here 13 stones.
Use which ability? (? or * to list)
A red film seems to cover your vision as you go berserk!
You feel yourself moving faster!
You feel mighty!
Namelastname112's ghost barely misses you.
You barely miss namelastname112's ghost.
Namelastname112's ghost is moderately damaged.
Namelastname112's ghost closely misses you.
You closely miss namelastname112's ghost.
Namelastname112's ghost is moderately damaged.
Namelastname112's ghost barely misses you.
Your plate armour prevents you from hitting namelastname112's ghost.
Namelastname112's ghost is moderately damaged.
You miss namelastname112's ghost.
Namelastname112's ghost is moderately damaged.
Namelastname112's ghost hits you but does no damage.
You are electrocuted!
You slash namelastname112's ghost!
Namelastname112's ghost is heavily damaged.
You slash namelastname112's ghost!
Namelastname112's ghost is severely damaged.
Namelastname112's ghost hits you.
You miss namelastname112's ghost.
Namelastname112's ghost is severely damaged.
You closely miss namelastname112's ghost.
Namelastname112's ghost is severely damaged.
Namelastname112's ghost hits you.
You hit namelastname112's ghost but do no damage.
Namelastname112's ghost is severely damaged.
You miss namelastname112's ghost.
Namelastname112's ghost is severely damaged.
Namelastname112's ghost misses you.
You closely miss namelastname112's ghost.
Namelastname112's ghost is severely damaged.
Namelastname112's ghost whispers, "Trust me.
Just give in."
Namelastname112's ghost completely misses you.
You are feeling hungry.
You completely miss namelastname112's ghost.
Namelastname112's ghost is severely damaged.
You completely miss namelastname112's ghost.
Namelastname112's ghost is severely damaged.
Namelastname112's ghost barely misses you.
Your plate armour prevents you from hitting namelastname112's ghost.
Namelastname112's ghost is severely damaged.
You miss namelastname112's ghost.
Namelastname112's ghost is severely damaged.
Namelastname112's ghost closely misses you.
You completely miss namelastname112's ghost.
Namelastname112's ghost is severely damaged.
Your plate armour prevents you from hitting namelastname112's ghost.
Namelastname112's ghost is severely damaged.
Namelastname112's ghost hits you but does no damage.
You slice namelastname112's ghost!!
Namelastname112's ghost is almost destroyed.
You barely miss namelastname112's ghost.
Namelastname112's ghost is almost destroyed.
You are no longer berserk.
You are exhausted.
You feel yourself slow down.
You are feeling very hungry.
Namelastname112's ghost hits you but does no damage.
You are electrocuted!
The Shining One protects you from harm!
Drink which item? (? for menu, Esc to quit)
It was a potion of flight.
You feel very buoyant.
You fly up into the air.
Namelastname112's ghost hits you but does no damage.
Namelastname112's ghost hits you but does no damage.
You are electrocuted!
You die...

You could see namelastname112's ghost.

Vanquished Creatures
  2 hill giants
  2 ugly things (D:11)
  A centaur zombie (D:11)
  A gargoyle (D:9)
  2 two-headed ogres
  A troll (D:9)
  A wraith (D:10)
  Eustachio (D:5)
  A steam dragon (D:7)
  Edmund (D:4)
  A water moccasin (D:10)
  4 orc warriors
  3 ice beasts
  3 black bears
  2 sky beasts
  A wasp (D:11)
  2 ogres
  A necrophage (D:11)
  13 centaurs
  A phantom (D:9)
  2 big kobolds
  5 giant frogs
  A gnoll sergeant (D:9)
  3 scorpions
  9 killer bees
  3 wights (D:10)
  2 vampire bats (D:4)
  A howler monkey (D:4)
  3 crimson imps
  A wasp zombie (D:5)
  A giant frog zombie (D:5)
  10 hounds
  7 jellies
  An orc priest (D:5)
  15 orc wizards
  3 centaur skeletons
  3 iguanas
  9 worker ants
  A giant frog skeleton (D:6)
  A hound zombie (D:8)
  2 hound skeletons
  2 howler monkey zombies
  A howler monkey skeleton (D:7)
  A worker ant zombie (D:7)
  11 adders
  4 gnolls (D:9)
  5 shadow imps
  7 oozes
  2 worms
  3 dart slugs
  8 giant geckos
  44 orcs
  A ball python (D:1)
  5 bat skeletons (D:4)
  2 bat zombies (D:4)
  10 giant cockroaches
  3 goblins
  4 hobgoblins
  13 jackals
  11 kobolds
  A quokka (D:8)
  7 bats
  A giant gecko zombie (D:8)
  5 giant newts
  A jackal skeleton (D:6)
  A quokka skeleton (D:9)
  7 rats
287 creatures vanquished.

Action                   |  1- 3 |  4- 6 |  7- 9 | 10-12 || total
-------------------------+-------+-------+-------+-------++-------
Melee: War axe           |    69 |   173 |   253 |   282 ||   777
 Abil: Evoke Berserk Rag |       |       |     1 |     5 ||     6
Evoke: Wand              |       |     1 |       |       ||     1
  Use: Potion            |     1 |       |       |     3 ||     4
  Eat: Chunk             |       |     8 |     8 |    13 ||    29
       Royal jelly       |       |       |     2 |       ||     2
       Fruit             |       |       |     1 |     1 ||     2
Armor: Scale mail        |    45 |   104 |   159 |     9 ||   317
       Plate armour      |       |       |       |   123 ||   123
Dodge: Dodged            |    52 |    96 |   135 |    76 ||   359

Vault maps used:
D:1:      dpeg_arrival_simpleton_b
D:2:      lemuel_round_altar
D:3:      grunt_pakellas_salt
D:4:      kennysheep_vampire_church, nicolae_tso_carved_into_rock, uniq_edmund
D:5:      first_bread, uniq_eustachio
D:6:      black_bear_nest_2, ashenzari_altar_1, grunt_temple_overflow_open,
          serial_shops, shop_fountains
D:7:      lightli_temple_of_fire, minmay_temple_entry_trees, basic_altar,
          nicolae_ru_sacrificial_ziggurat
D:8:      slow_altar_1, serial_shops, shop, hangedman_little_slice_of_home,
          elyvilon_altar_4
D:9:      lair_0_dummy
D:10:     st_stairs_14, hangedman_decor_growths, roderic_lattice_a, minivault_24
D:11:     orc_0_dummy
D:12:     serial_shops, nicolae_shop_crystal, serial_bayou_crossing
